 Dungeon Crawl Stone Soup version 0.29-a0-72-g1732ff48e7 (webtiles) character file.

Game seed: 9970888155858156809

21560 grumblor the Protected (level 12, -8/65 HPs)
             Began as a Vine Stalker Fighter on Feb 3, 2022.
             Was a High Priest of Sif Muna.
             Mangled by an orc warrior (13 damage)
             ... led by an orc high priest
             ... on level 1 of the Orcish Mines.
             The game lasted 00:34:27 (12746 turns).

grumblor the Protected (Vine Stalker Fighter)      Turns: 12746, Time: 00:34:28

Health: -8/65      AC: 26    Str: 23    XL:     12   Next: 91%
Magic:  0/18       EV:  6    Int:  8    God:    Sif Muna [*****.]
Gold:   1124       SH:  6    Dex: 15    Spells: 11/11 levels left

rFire   + . .      SeeInvis .   E - +4 hand axe
rCold   . . .      Faith    .   c - +1 buckler
rNeg    . . .      Spirit   +   h - +0 crystal plate armour
rPois   .          Reflect  .   l - +0 helmet
rElec   .          Harm     .   s - scarf {repulsion}
rCorr   .          Rampage  .   r - +1 pair of gloves
Will    +....                   F - +0 pair of boots
Stlth   ..........              p - amulet of regeneration
HPRegen 1.80/turn               v - +4 ring of slaying
MPRegen 0.16/turn               J - ring of protection from fire

@: repel missiles
A: fangs 3, regeneration 1, magic shield, antimagic bite, no potion heal 2
a: Renounce Religion, Channel Magic, Forget Spell, Divine Exegesis


You were on level 1 of the Orcish Mines.
You worshipped Sif Muna.
Sif Muna was extremely pleased with you.
You visited 3 branches of the dungeon, and saw 14 of its levels.
You also visited: Bailey.

You collected 1124 gold pieces.

Inventory:

Hand Weapons
 a - a +1 war axe
 E - a +4 hand axe (weapon)
 H - a +2 flail of draining
 L - a +2 whip of electrocution
Missiles
 i - 9 throwing nets
 u - 65 poisoned darts (quivered)
 z - 9 boomerangs
 A - 4 silver javelins
 I - a javelin
 M - 3 curare-tipped darts
Armour
 c - a +1 buckler (worn)
 h - a +0 crystal plate armour (worn)
 l - a +0 helmet (worn)
 r - a +1 pair of gloves (worn)
 s - a scarf of repulsion (worn)
 F - a +0 pair of boots (worn)
Jewellery
 p - an amulet of regeneration (around neck)
 v - a +4 ring of slaying (left hand)
 J - a ring of protection from fire (right hand)
Wands
 f - a wand of charming (3)
 m - a wand of acid (11)
 K - a wand of polymorph (4)
Scrolls
 o - a scroll of magic mapping
 q - a scroll of teleportation
 w - a scroll of holy word
 y - 3 scrolls of enchant weapon
Potions
 b - a potion of flight
 d - 2 potions of might
 e - 2 potions of haste
 g - 3 potions of invisibility
 j - a potion of magic
 k - a potion of lignification
 n - 4 potions of curing
 t - a potion of mutation
 x - a potion of heal wounds {unknown}
 B - 2 potions of degeneration {unknown}
Miscellaneous
 C - a piece from Xom's chessboard (15/15)
 D - a tin of tremorstones (inert)


   Skills:
 + Level 8.7 Fighting
 - Level 8.1 Axes
 - Level 2.0 Throwing
 * Level 11.0 Armour
 - Level 4.0 Dodging
 - Level 6.0 Shields
 * Level 7.2 Invocations
 - Level 4.0 Evocations


You had 11 spell levels left.
You didn't know any spells.
Your spell library contained the following spells:

 Spells                   Type           Power      Damage    Failure   Level
 Sandblast                Erth           0%         2d4       100%        1
 Slow                     Hex            0%         N/A       100%        1
 Passwall                 Tmut/Erth      0%         N/A       100%        2
 Static Discharge         Conj/Air       0%         N/A       100%        2
 Sublimation of Blood     Necr           0%         N/A       100%        2
 Confusing Touch          Hex            0%         N/A       100%        3
 Stone Arrow              Conj/Erth      0%         3d7       100%        3
 Summon Guardian Golem    Hex/Summ       0%         N/A       100%        3
 Vampiric Draining        Necr           0%         2d6       100%        3
 Hailstorm                Conj/Ice       0%         3d3       100%        4
 Ice Form                 Ice/Tmut       0%         N/A       100%        4
 Petrify                  Tmut/Erth      0%         N/A       100%        4
 Irradiate                Conj/Tmut      0%         3d13      100%        5
 Lightning Bolt           Conj/Air       0%         1d11      100%        5
 Simulacrum               Ice/Necr       0%         N/A       100%        6
 Orb of Destruction       Conj           0%         9d5       100%        7
 Spellforged Servitor     Conj/Summ      0%         N/A       100%        7
 Maxwell's Capacitive Co  Air            0%         ∞         100%        8


Dungeon Overview and Level Annotations

Branches:
Dungeon (11/15)            Temple (1/1) D:6            Lair (0/6) D:9
    Orc (2/2) D:11         Bailey (visited)
    Elf: Orc:2

Altars:
Cheibriados
Dithmenos
Fedhas
Gozag
Hepliaklqana
Kikubaaqudgha
Makhleb
Nemelex Xobeh
Okawaru
Sif Muna
Trog
Uskayaw
Vehumet
Wu Jian
Xom
Yredelemnul
Zin
The Shining One

Portals:
Abyss: D:5

Annotations:
D:5 2 transporters, Cecur's ghost, amateur DsGl


Innate Abilities, Weirdness & Mutations

You have razor-sharp teeth.
Your natural rate of healing is unusually fast.
When hurt, damage is shared between your health and your magic reserves.
Your bite disrupts and absorbs the magic of your enemies.
Potions cannot restore your health.


Message History

You hit the orc warrior but do no damage.
Your bite misses the orc warrior. You hit the orc.
You hit the orc warrior but do no damage.
You hit the orc but do no damage. x2; You slash the ogre!
You slash the orc!
You kill the orc!
Sif Muna accepts your kill. The ogre barely misses you.
The orc warrior hits you but does no damage.
The orc hits you with a +0 whip. The orc hits you but does no damage. x2
The orc warrior hits you with a +0 battleaxe!!
You barely miss the ogre. Your bite misses the ogre.
The ogre is moderately wounded.
You hit the orc. x2
You kill the orc!
Sif Muna accepts your kill.
You hit the orc warrior. You slash the orc!
You kill the orc!
Sif Muna accepts your kill.
You slash the orc warrior!
The orc warrior hits you with a +0 long sword!
The ogre hits you with a +0 giant club!
* * * LOW HITPOINT WARNING * * *
The orc hits you but does no damage.
The orc warrior hits you with a +0 battleaxe.
* * * LOW HITPOINT WARNING * * *
You are too injured to fight recklessly!
Unknown command.
You are too injured to fight recklessly!
Unknown command.
You block the orc warrior's attack.
The orc warrior hits you with a +0 battleaxe!
* * * LOW HITPOINT WARNING * * *
Things that are here:
a +0 whip; a +0 leather armour; an orc corpse Unknown command.
Okay, then.
Okay, then.
You block the orc warrior's attack.
The orc warrior hits you with a +0 battleaxe!
You die...

......####.......#####.......##
.......#..........#####......#
....................###.....##
.....................###..###
...#........####......#####
..##........##.........#
..)#.........##......####
..#........[)#Oo.....##.###
.#).........[.>o@.........#
.).)........)[)o...#.##...###
.......#..........######....##
#
....#..###.........###.......#
## ....####
#..........##.......###. ..###
###....##.##.........#.. ..#
#....#####...........#. ..#
###....##............... #.#
##.....##................


You could see 2 orc warriors, an ogre and an orc (strong).

Vanquished Creatures
  An ettin (Orc:1)
  A hydra (D:9)
  5 two-headed ogres
  An orc high priest (Orc:2)
  Sonja (D:11)
  2 orc knights
  A cyclops (Orc:1)
  3 orc sorcerers
  A manticore (D:11)
  Joseph (D:7)
  2 gargoyles (D:10)
  A kobold demonologist (D:10)
  A freezing wraith (D:10)
  Psyche (D:9)
  3 trolls
  Prince Ribbit (D:5)
  2 hornets
  2 shadows
  2 wyverns
  17 yaks
  2 steam dragons
  An acid dragon (D:11)
  16 orc warriors
  2 ice beasts
  3 sky beasts
  3 necrophages
  8 ogres
  2 wolves (Bailey)
  3 centaurs
  2 phantoms (D:7)
  5 kobold brigands
  A scorpion (D:5)
  8 gnoll sergeants
  10 killer bees
  2 howler monkeys
  6 centaur zombies
  A jelly (D:5)
  10 orc priests
  Crazy Yiuf (D:7)
  6 gnoll shamans
  3 hounds
  Ijyb (D:5)
  2 iguanas
  10 orc wizards
  A hound skeleton (D:4)
  31 gnolls
  3 adders
  3 white imps
  2 ufetubi
  2 worms (D:5)
  3 dart slugs
  53 orcs
  8 ball pythons
  6 endoplasms
  5 giant cockroaches
  9 goblins
  11 hobgoblins
  6 jackals
  3 training dummies (D:8)
  5 bats
  3 frilled lizards
  32 kobolds
  6 rats
349 creatures vanquished.

Vanquished Creatures (others)
  2 orcs
  6 fungi (D:9)
  8 plants (D:9)
16 creatures vanquished.

Grand Total: 365 creatures vanquished

Notes
Turn   | Place    | Note
-------+----------+-------------------------------------------
     0 | D:1      | grumblor the Vine Stalker Fighter began the quest for the
                  | Orb.
     0 | D:1      | Reached XP level 1. HP: 11/11 MP: 2/2
   270 | D:1      | Reached XP level 2. HP: 16/16 MP: 3/3
   958 | D:1      | Reached XP level 3. HP: 20/20 MP: 4/4
  1862 | D:2      | Reached skill level 1 in Dodging
  1877 | D:2      | Found a faded altar of an unknown god.
  1890 | D:2      | Gained mutation: Your natural rate of healing is unusually
                  | fast. [Vine Stalker growth]
  1890 | D:2      | Reached XP level 4. HP: 21/24 MP: 5/5
  2314 | D:3      | Reached skill level 1 in Throwing
  2493 | D:3      | Reached XP level 5. HP: 13/28 MP: 2/6
  2555 | D:3      | Identified a scroll of acquirement
  2555 | D:3      | Acquired an amulet of regeneration
  2787 | D:4      | Noticed an ogre
  2792 | D:4      | Killed an ogre
  2870 | D:4      | Reached XP level 6. HP: 32/32 MP: 7/7
  2893 | D:4      | Reached skill level 3 in Armour
  3291 | D:4      | Noticed a necrophage
  3299 | D:4      | Killed a necrophage
  3623 | D:5      | Entered Level 5 of the Dungeon
  3669 | D:5      | Noticed Prince Ribbit
  3693 | D:5      | Reached XP level 7. HP: 29/37 MP: 4/8
  4101 | D:5      | Found a radiant altar of Vehumet.
  4178 | D:5      | Found a transporter.
  4182 | D:5      | Noticed a small abomination
  4195 | D:5      | Found a one-way gate to the infinite horrors of the Abyss.
  4195 | D:5      | Noticed Cecur's ghost (amateur DsGl)
  4269 | D:5      | Found a transporter.
  4326 | D:5      | Noticed Ijyb
  4333 | D:5      | Killed Ijyb
  4556 | D:5      | Gained mutation: You have razor-sharp teeth. [Vine Stalker
                  | growth]
  4556 | D:5      | Reached XP level 8. HP: 36/42 MP: 6/9
  4823 | D:5      | Killed Prince Ribbit
  4824 | D:5      | Reached skill level 5 in Axes
  4824 | D:5      | Reached skill level 4 in Armour
  5434 | D:6      | Found a staircase to the Ecumenical Temple.
  5440 | Temple   | Entered the Ecumenical Temple
  5477 | Temple   | Became a worshipper of Sif Muna the Loreminder
  5889 | D:7      | Reached skill level 5 in Fighting
  5889 | D:7      | Reached XP level 9. HP: 46/47 MP: 7/10
  5918 | D:7      | Noticed Joseph
  5926 | D:7      | Killed Joseph
  5927 | D:7      | Reached skill level 1 in Invocations
  5927 | D:7      | Reached skill level 1 in Evocations
  6054 | D:7      | Reached skill level 5 in Armour
  6139 | D:7      | Found a runed translucent door.
  6140 | D:7      | Noticed Crazy Yiuf
  6347 | D:7      | Found a flagged portal.
  6377 | Bailey   | Entered a bailey
  6392 | Bailey   | Reached * piety under Sif Muna
  6761 | Bailey   | Reached XP level 10. HP: 49/53 MP: 11/13
  6812 | Bailey   | Reached ** piety under Sif Muna
  7373 | D:7      | Killed Crazy Yiuf
  7544 | D:8      | Reached skill level 6 in Armour
  7635 | D:8      | Found a basalt altar of Yredelemnul.
  7723 | D:8      | Found Fuodwal's Firing Range.
  8240 | D:9      | Noticed a two-headed ogre
  8240 | D:9      | Noticed a two-headed ogre
  8256 | D:9      | Killed a two-headed ogre
  8266 | D:9      | Killed a two-headed ogre
  8267 | D:9      | Reached XP level 11. HP: 47/58 MP: 11/15
  8374 | D:9      | Noticed a two-headed ogre
  8402 | D:9      | Killed a two-headed ogre
  8403 | D:9      | Reached skill level 7 in Armour
  8403 | D:9      | Reached skill level 5 in Shields
  8474 | D:9      | Found a staircase to the Lair.
  8491 | D:9      | Noticed Psyche
  8511 | D:9      | Killed Psyche
  8512 | D:9      | Reached skill level 5 in Invocations
  8567 | D:9      | Found a bloodstained altar of Trog.
  9125 | D:10     | Entered Level 10 of the Dungeon
  9156 | D:10     | Noticed a five-headed hydra
  9191 | D:9      | Killed a five-headed hydra
  9208 | D:10     | Reached *** piety under Sif Muna
  9266 | D:10     | Noticed a two-headed ogre
  9292 | D:10     | Killed a two-headed ogre
  9292 | D:10     | Noticed an orc knight
  9293 | D:10     | Reached skill level 8 in Armour
  9314 | D:10     | Killed an orc knight
  9347 | D:10     | Found a sparkling altar of Nemelex Xobeh.
  9558 | D:10     | Found a glowing silver altar of Zin.
  9939 | D:10     | Reached XP level 12. HP: 39/64 MP: 7/17
  9941 | D:10     | Reached skill level 9 in Armour
 10293 | D:10     | Paralysed by a hornet for 3 turns
 10353 | D:11     | Noticed Sonja
 10390 | D:10     | Reached **** piety under Sif Muna
 10667 | D:11     | Killed Sonja
 10689 | D:11     | Noticed a two-headed ogre
 10698 | D:11     | Killed a two-headed ogre
 10904 | D:11     | Identified the amulet "Siunlea" {Reflect Harm Dex+2 SH+5}
 10909 | D:11     | Found a staircase to the Orcish Mines.
 10962 | D:11     | Identified the +5 ring mail of Rinexiuq {rElec}
 11113 | Orc:1    | Entered Level 1 of the Orcish Mines
 11131 | Orc:1    | Noticed a soul eater
 11134 | D:11     | Reached skill level 10 in Armour
 11427 | Orc:1    | Noticed an ettin
 11545 | Orc:1    | Killed an ettin
 12167 | Orc:2    | Entered Level 2 of the Orcish Mines
 12211 | Orc:2    | Noticed an orc high priest
 12214 | Orc:2    | Reached ***** piety under Sif Muna
 12215 | Orc:2    | Killed an orc high priest
 12404 | Orc:2    | Noticed an orc warlord
 12441 | Orc:1    | Reached skill level 11 in Armour
 12745 | Orc:1    | HP: 3/65 [orc warrior[an orc high priest] (9)]
 12746 | Orc:1    | Mangled by an orc warrior

Illustrated notes

Levels and vault maps discovered:
D:1:      lordsloth_arrival_two_stooges, layout_loops_corners
D:2:      layout_basic, nicolae_ecumenical_snake_handling,
          minmay_misc_feat_room, hangedman_decor_lopped,
          minmay_goblin_kobold_house
D:3:      layout_basic, minmay_misc_feat_five
D:4:      layout_basic
D:5:      layout_gridville, nicolae_vehumet_radiance,
          gammafunk_ghost_abyssal_escape, grunt_decor_one_mirror, uniq_ijyb,
          uniq_prince_ribbit1
D:6:      layout_loops_corners, minmay_temple_entry_waves
D:7:      layout_basic, enter_bailey_5, minmay_misc_feat_columns,
          nicolae_underground_beach, uniq_joseph, uniq_crazy_yiuf_cottage
D:8:      layout_loops_ring, mainiacjoe_overflow_brackets,
          nicolae_shop_firing_range
D:9:      layout_small_grid, mainiacjoe_overflow_surrounded_room,
          dpeg_oklobed_lair, hangedman_decor_slide_cut, uniq_psyche
D:10:     layout_gridville, general_overflow_altar, st_stairs_2,
          minmay_ruined_shrine
D:11:     layout_rooms, orc_0_dummy, uniq_sonja
Temple:   mainiacjoe_temple_coin_purse
Orc:1:    layout_diamond_mine
Orc:2:    st_orc_mages, layout_caves

Skill      XL: |  1  2  3  4  5  6  7  8  9 10 11 12 |
---------------+-------------------------------------+-----
Fighting       | 3 4 5 6 7 8 |  8.7
Axes           | 2 3 4 5 6 8 |  8.1
Shields        | 3 4 5 6 |  6.0
Dodging        | 1 2 3 4 |  4.0
Throwing       | 1 2 |  2.0
Armour         | 3 4 5 6 8 11 | 11.0
Invocations    | 2 4 6 7 |  7.2
Evocations     | 2 4 |  4.0

Action                   |  1- 3 |  4- 6 |  7- 9 | 10-12 || total
-------------------------+-------+-------+-------+-------++-------
Melee: War axe           |    98 |   100 |   213 |   435 ||   846
       Bite              |    18 |    15 |    67 |   182 ||   282
       Flail             |       |       |       |     6 ||     6
       Hand axe          |       |       |       |     2 ||     2
Throw: Dart              |       |     2 |     9 |    36 ||    47
       Javelin           |       |     1 |     7 |       ||     8
       Boomerang         |       |     2 |     5 |       ||     7
       Throwing net      |       |       |     2 |       ||     2
Evoke: Wand              |       |       |     4 |    19 ||    23
       Tin of tremorston |       |       |       |     2 ||     2
  Use: Scroll            |     1 |     7 |    10 |     4 ||    22
 Stab: Paralysed         |       |       |       |    13 ||    13
Armor: Scale mail        |    25 |       |       |       ||    25
       Chain mail        |    18 |    71 |    98 |       ||   187
       Plate armour      |       |       |    23 |       ||    23
       Crystal plate arm |       |       |       |   393 ||   393
Dodge: Dodged            |    41 |    47 |   104 |   116 ||   308
       Repelled          |       |       |     1 |     3 ||     4
Block: Buckler           |    28 |    43 |    91 |   181 ||   343

Table legend: (Time is in decaauts)
 A = Elapsed time spent in this place.
 B = Non-inter-level travel time spent in this place.
 C = Inter-level travel time spent in this place.
 D = Time resting spent in this place.
 E = Time spent auto-exploring this place.
 F = Levels seen in this place.
 G = Mean time per level.
                   A        B        C        D        E       F      G
               +--------+--------+--------+--------+--------+-----+--------+
         Total |  13002 |  12565 |    437 |   2223 |   7573 |  15 |  866.8 |
       Dungeon |  10836 |  10427 |    409 |   1281 |   7082 |  11 |  985.1 |
        Temple |     49 |     39 |     10 |      0 |     22 |   1 |   49.0 |
  Orcish Mines |   1368 |   1351 |     17 |    693 |    367 |   2 |  684.0 |
        Bailey |    748 |    748 |      0 |    249 |    102 |   1 |  748.0 |
               +--------+--------+--------+--------+--------+-----+--------+

Top non-repeatable levels by time:
     D:1: 1518 daAuts
    D:10: 1490 daAuts
   Orc:1: 1305 daAuts
     D:5: 1198 daAuts
     D:4: 1043 daAuts
     D:9: 974 daAuts
     D:7: 848 daAuts
    D:11: 838 daAuts
     D:2: 835 daAuts
     D:6: 826 daAuts
     D:8: 785 daAuts
  Bailey: 748 daAuts
     D:3: 478 daAuts
   Orc:2: 62 daAuts
  Temple: 49 daAuts
